 Dungeon Crawl Stone Soup version 0.27.1-4-g1640c2035a (webtiles) character file.

Game seed: 13996901236614778432

44 zeram the Caller (level 3, -4/19 HPs)
             Began as a Deep Elf Summoner on Nov 11, 2021.
             Killed by divine providence
             ... invoked by an orc priest
              (14 damage)
             ... on level 3 of the Dungeon.
             The game lasted 00:04:19 (2787 turns).

zeram the Caller (Deep Elf Summoner)                Turns: 2787, Time: 00:04:19

Health: -4/19      AC:  6    Str:  5    XL:     3   Next: 39%
Magic:  4/10       EV: 13    Int: 20    God:
Gold:   146        SH:  0    Dex: 15    Spells: 6/9 levels left

rFire    . . .     SeeInvis .   i - +1 dagger (holy)
rCold    . . .     Faith    .   (no shield)
rNeg     . . .     Spirit   .   a - +0 robe
rPois    .         Reflect  .   e - +0 helmet
rElec    .         Harm     .   (no cloak)
rCorr    .         Rampage  .   d - +1 pair of gloves
Will     .....                  c - +0 pair of boots
Stlth    ++........             (no amulet)
HPRegen  0.06/turn              (no ring)
MPRegen  0.12/turn              (no ring)

@: no status effects
A: no striking features
a: no special abilities


You were on level 3 of the Dungeon.
You visited 1 branch of the dungeon, and saw 3 of its levels.

You collected 146 gold pieces.

Inventory:

Hand Weapons
 b - a +0 dagger
 i - a +1 dagger of holy wrath (weapon)
Armour
 a - a +0 robe (worn)
 c - a +0 pair of boots (worn)
 d - a +1 pair of gloves (worn)
 e - a +0 helmet (worn)
Scrolls
 g - a scroll of holy word {unknown}
 j - a scroll of vulnerability {unknown}
Potions
 f - a potion of curing {unknown}
 h - a potion of might {unknown}


   Skills:
 + Level 2.8 Dodging
 - Level 2.4 Stealth
 + Level 3.6 Spellcasting
 + Level 5.3 Summonings


You had 6 spell levels left.
You knew the following spells:

 Your Spells              Type           Power      Damage    Failure   Level
a - Summon Small Mammal   Summ           100%       N/A       1%          1
b - Call Imp              Summ           25%        N/A       2%          2

Your spell library contained the following spells:

 Spells                   Type           Power      Damage    Failure   Level
 Call Canine Familiar     Summ           25%        N/A       4%          3
 Summon Guardian Golem    Hex/Summ       14%        N/A       14%         3
 Summon Lightning Spire   Summ/Air       14%        N/A       41%         4


Dungeon Overview and Level Annotations

Branches:
Dungeon (3/15)

Altars:
Dithmenos


Message History

A beastly little devil appears in a puff of flame.
The adder misses your shadow imp.
Something barely misses your crimson imp.
The orc wizard hits your crimson imp with a +0 dagger.
Your crimson imp completely misses the adder.
Your shadow imp hits the orc wizard but does no damage.
The adder bites your shadow imp.
Your crimson imp blinks!
Casting: Call Imp (safe; 2% risk of failure)
Confirm with . or Enter, or press ? or * to list all spells.
A beastly little devil appears in a puff of flame.
Something completely misses your crimson imp.
The orc wizard hits your crimson imp with a +0 dagger.
The adder misses your shadow imp.
Your crimson imp hits the adder.
Your crimson imp closely misses the orc wizard.
Your shadow imp hits the orc wizard.
Your crimson imp disappears in a puff of smoke!
The orc wizard gestures at you while chanting.
Your crimson imp appears confused.
The adder bites your shadow imp.
Your crimson imp closely misses the orc wizard.
Your shadow imp barely misses the orc wizard.
What are your orders? t - Shout!
Orders for allies: a - Attack new target. p - Attack previous target. r - Retreat! s - Stop attacking. g - Guard the area. f - Follow me.
Anything else - Cancel.
Okay, then.
Your crimson imp disappears in a puff of smoke!
Something closely misses your crimson imp.
You open the door.
Your crimson imp blinks!
Your crimson imp blinks!
There is an open door here.
There is a stone staircase leading up, spattered with blood here.
The orc priest calls down the wrath of Beogh upon you.
Beogh smites you!
Ouch! That really hurt!
You die...

..... # #...##.##
#####........
#...#...#..#
#..†#.....
#.@.#...# #
##.5.#...#.#
#....'...#.###
#....#........
#.####........
#.####.o......
#........#.##.
#############.#.#.#
................# #


You could see an orc priest and a friendly crimson imp (summoned).

Vanquished Creatures
  A bat (D:1)
  2 giant cockroaches (D:2)
  7 goblins
  2 hobgoblins (D:1)
  A quokka (D:1)
  3 ball pythons
  3 frilled lizards
  3 rats
22 creatures vanquished.

Vanquished Creatures (collateral kills)
  Robin (D:2)
  An adder (D:3)
  6 goblins (D:2)
  4 hobgoblins
  2 bats (D:1)
  A rat (D:1)
15 creatures vanquished.

Vanquished Creatures (others)
  A plant (D:1)
  3 toadstools (D:1)
4 creatures vanquished.

Grand Total: 41 creatures vanquished

Notes
Turn   | Place    | Note
-------+----------+-------------------------------------------
     0 | D:1      | zeram the Deep Elf Summoner began the quest for the Orb.
     0 | D:1      | Reached XP level 1. HP: 10/10 MP: 6/6
   562 | D:1      | Reached XP level 2. HP: 2/15 MP: 5/8
   978 | D:1      | Learned a level 2 spell: Call Imp
  1066 | D:1      | Found a shadowy altar of Dithmenos.
  1078 | D:1      | Found a faded altar of an unknown god.
  1765 | D:2      | Reached skill level 5 in Summonings
  1872 | D:2      | Noticed Robin
  1895 | D:2      | Killed Robin
  1896 | D:2      | Reached XP level 3. HP: 17/19 MP: 2/9
  2787 | D:3      | Killed from afar by an orc priest

Illustrated notes

Levels and vault maps discovered:
D:1:      wander_arrival_chamber, layout_basic,
          shapermc_ecumenical_altar_ellora, serial_aquarium,
          aquarium_bridge_long_separate [aquarium_subvault_bridge,
          aquarium_subvault_bridge, aquarium_subvault_bridge,
          aquarium_subvault_wall, aquarium_subvault_window,
          aquarium_subvault_bridge], aquarium_window_fake, aquarium_window_1,
          aquarium_window_1, aquarium_window_2, aquarium_view_2b,
          aquarium_pool_split, kennysheep_flooded_box, minmay_gold_behind_fungi,
          serial_bayou_pond_d
D:2:      layout_loops_corners, kennysheep_boxes, uniq_robin
D:3:      layout_basic, roderic_serpentine_path

Skill      XL: |  1  2 |
---------------+-------+-----
Summonings     | 5 |  5.3
Dodging        | |  2.8
Stealth        | |  2.4
Spellcasting   | |  3.6

Action                   || total
-------------------------++-------
Melee: Unarmed           ||    42
       Dagger            ||   108
 Cast: Summon Small Mamm ||    14
       Call Imp          ||     9
  Use: Scroll            ||     3
       Potion            ||     1
 Stab: Sleeping          ||     4
Armor: Robe              ||    56
Dodge: Dodged            ||   106
